 Dungeon Crawl Stone Soup version 0.28.0-45-g0d030f2227 (webtiles) character file.

Game seed: 13525477886373193092

52 zeratav the Skirmisher (level 3, -7/34 HPs)
             Began as a Naga Fighter on Apr 9, 2022.
             Killed from afar by a white imp (9 damage)
             ... with a puff of frost
             ... summoned by Natasha
             ... on level 2 of the Dungeon.
             The game lasted 00:02:31 (1882 turns).

zeratav the Skirmisher (Naga Fighter)               Turns: 1882, Time: 00:02:31

Health: -7/34      AC:  4    Str: 20    XL:     3   Next: 85%
Magic:  3/3        EV:  7    Int:  8    God:
Gold:   39         SH:  4    Dex: 10    Spells: 2/2 levels left

rFire   . . .      SeeInvis +   j - +0 whip (venom) {mace}
rCold   . . .      Faith    .   b - +0 buckler
rNeg    . . .      Spirit   .   a - +0 scale mail
rPois   +          Reflect  .   (no helmet)
rElec   .          Harm     .   (no cloak)
rCorr   .          Rampage  .   (no gloves)
Will    .....                   (no barding)
Stlth   ..........              (no amulet)
HPRegen 0.11/turn               (no ring)
MPRegen 0.08/turn               (no ring)

@: very slow
A: AC +1, large, see invisible, deformed body, poison resistance, slowness 2,
spit poison 1, naga tail 1
a: Spit Poison


You were on level 2 of the Dungeon.
You visited 1 branch of the dungeon, and saw 2 of its levels.

You collected 39 gold pieces.


Innate Abilities, Weirdness & Mutations

Your serpentine skin is tough. (AC +1)
You have supernaturally acute eyesight. (SInv)
Armour fits poorly on your strangely shaped body.
Your system is resistant to poisons. (rPois)
You cover ground very slowly.
You can spit poison.
You have a snake-like lower body.


   Skills:
 + Level 3.4 Fighting
 + Level 2.8 Armour
 + Level 2.8 Shields
 + Level 2.6 Unarmed Combat


You had 2 spell levels left.
You didn't know any spells.
Your spell library was empty.

Inventory:

Hand Weapons
 j - a +0 whip of venom (weapon) {mace}
   (You found it on level 1 of the Dungeon)
Armour
 a - a +0 scale mail (worn)
 b - a +0 buckler (worn)
Scrolls
 d - a scroll of teleportation {unknown}
 e - a scroll of summoning {unknown}
 f - 2 scrolls of identify {unknown}
 h - a scroll of fear {unknown}
 i - a scroll of brand weapon {unknown}
Potions
 c - a potion of might
 g - a potion of invisibility {unknown}

Dungeon Overview and Level Annotations

Branches:
Dungeon (2/15)

Altars:

Annotations:
D:2 Natasha

#.........# ###
#.........#### ..#
#............# #.#
#.........##.# #.#
#.)..P....##'#### #.#
#...♣.P...#.....# ..#
##.♣PP♣P###.....#
######.._..P# #.....#
..#......♣..# ##@####
........P......5h.......
.......................(
#...############.#######
##### #.# #.# #.# #.#


You could see Natasha (poisoned) and a white imp (summoned).


Message History

Something bites the withered plant. x2; The withered plant begins to crumble.
Something bites the withered plant.
The withered plant begins to crumble.
Something bites the withered plant.
The withered plant crumbles away.
A quokka is nearby!
A quokka is nearby!
The quokka bites you but does no damage.
You closely miss the quokka. The quokka bites you.
The quokka bites you but does no damage.
HP[-1]
You take 1 damage, and now have 33/34 hp.
You miss the quokka.
The withered plant crumbles away.
The quokka bites you.
HP[-1]
You take 1 damage, and now have 32/34 hp.
You barely miss the quokka.
The quokka bites you but does no damage.
HP[+1]
You completely miss the quokka.
The quokka bites you but does no damage. x2
You hit the quokka.
You kill the quokka!
No target in view!
No target in view!
No target in view!
No target in view!
No target in view!
No target in view!
No target in view!
No target in view!
A kobold comes into view. It is wielding a +0 club.
The kobold shouts!
HP[+1]
Your hp is fully restored (34).
You closely miss the kobold. The kobold completely misses you.
You barely miss the kobold. The kobold hits you with a +0 club.
HP[-3]
You take 3 damage, and now have 31/34 hp.
You closely miss the kobold. The kobold closely misses you.
The kobold barely misses you.
You barely miss the kobold. You block the kobold's attack.
You hit the kobold.
You kill the kobold!
HP[+1] No target in view!
No target in view!
No target in view!
No target in view!
No target in view!
No target in view!
No target in view!
No target in view!
No target in view!
No target in view!
No target in view!
Things that are here:
a +0 club {mace}; a kobold corpse; HP[+2]
Your hp is fully restored (34).
You now have 39 gold pieces (gained 5).
You open the door.
There is an open door here.
You open the door.
Natasha, Servant of Life and Death comes into view.
Natasha hisses angrily.
There is an open door here.
Natasha casts a spell.
There is an open door here.
You hit Natasha but do no damage.
Natasha is poisoned.
Natasha stares at you and mumbles some strange words.
The magic dart hits you! The white imp puffs mist at you.
The white imp gestures at you. The puff of frost hits you.
HP[-12]
You take 12 damage, and now have 22/34 hp.
MASSIVE DAMAGE!! (PAUSE)
You hit Natasha. Natasha claws you but does no damage.
You barely miss Natasha. Natasha claws you. The white imp gestures at you.
The puff of frost hits you!
* * * LOW HITPOINT WARNING * * *
HP[-13]
You take 13 damage, and now have 9/34 hp.
MASSIVE DAMAGE!! (PAUSE)
You barely miss Natasha. Natasha claws you.
* * * LOW HITPOINT WARNING * * *
The white imp gestures at you. The puff of frost hits you!
* * * LOW HITPOINT WARNING * * *
HP[-7]
You take 7 damage, and now have 2/34 hp.
MASSIVE DAMAGE!! (PAUSE)
You hit Natasha but do no damage.
Natasha stares at you and mumbles some strange words.
You resist with some effort.
The white imp disappears for a moment.
The white imp barely misses you.
You barely miss Natasha. You block Natasha's attack.
The white imp gestures at you. The puff of frost hits you!
You die...

Action                   || total
-------------------------++-------
Melee: Unarmed           ||    89
       Whip              ||    79
 Abil: Spit Poison       ||     1
Armor: Scale mail        ||    75
Dodge: Dodged            ||    78
Block: Buckler           ||    36

Levels and vault maps discovered:
D:1:      matt_arrival_refuge, layout_basic
D:2:      layout_basic, ebering_ecumenical_altar_petrified,
          minmay_split_cup_small, uniq_natasha

Notes
Turn   | Place    | Note
-------+----------+-------------------------------------------
     0 | D:1      | zeratav the Naga Fighter began the quest for the Orb.
     0 | D:1      | Reached XP level 1. HP: 21/21 MP: 1/1
     0 | D:1      | magus.rc [v1.9.6]
   168 | D:1      | Reached XP level 2. HP: 8/28 MP: 2/2
   176 | D:1      | HP: 7/28 [kobold/+0 short sword (2)]
   643 | D:1      | Reached XP level 3. HP: 20/34 MP: 3/3
  1809 | D:2      | Found a faded altar of an unknown god.
  1872 | D:2      | Noticed Natasha
  1880 | D:2      | HP: 2/34 [white imp/puff of frost[Natasha] (7)]
  1882 | D:2      | Killed from afar by a white imp

Vanquished Creatures
  2 dart slugs (D:1)
  5 endoplasms
  2 goblins (D:1)
  3 hobgoblins (D:1)
  10 jackals (D:1)
  4 kobolds
  3 quokkas
  4 ball pythons (D:1)
  2 bats (D:1)
  2 frilled lizards (D:1)
  A quokka skeleton (D:2)
  3 rats (D:1)
41 creatures vanquished.

Vanquished Creatures (others)
  2 withered plants (D:2)
2 creatures vanquished.

Grand Total: 43 creatures vanquished

Table legend:
 A = Non-vault XP
 B = Vault XP
 C = Vault XP percentage of total XP
 D = Non-vault monster count
 E = Vault monster count
 F = Vault count percentage of total count
                 A         B        C        D         E       F
            +---------+---------+-------+---------+---------+-------
      Total |      75 |       0 |   0.0 |      41 |       0 |   0.0
            +---------+---------+-------+---------+---------+-------
        D:1 |      69 |       0 |   0.0 |      37 |       0 |   0.0
        D:2 |       6 |       0 |   0.0 |       4 |       0 |   0.0
            +---------+---------+-------+---------+---------+-------

Illustrated notes

Table legend:
 A = Kills in this place as a percentage of kills in entire the game.
 B = Kills by you in this place as a percentage of kills by you in the entire game.
 C = Kills by friends in this place as a percentage of kills by friends in the entire game.
 D = Other kills in this place as a percentage of other kills in the entire game.
 E = Experience gained in this place as a percentage of experience gained in the entire game.
 F = Experience gained in this place divided by the number of levels of this place that you have seen.
                   A       B       C       D       E      F
               +-------+-------+-------+-------+-------+----------------------
         Total | 100.0 | 100.0 |   N/A |   N/A | 100.0 |  37.5
       Dungeon | 100.0 | 100.0 |   N/A |   N/A | 100.0 |  37.5
               +-------+-------+-------+-------+-------+----------------------

Table legend: (Time is in decaauts)
 A = Elapsed time spent in this place.
 B = Non-inter-level travel time spent in this place.
 C = Inter-level travel time spent in this place.
 D = Time resting spent in this place.
 E = Time spent auto-exploring this place.
 F = Levels seen in this place.
 G = Mean time per level.
                   A        B        C        D        E       F      G
               +--------+--------+--------+--------+--------+-----+--------+
         Total |   2208 |   2191 |     17 |      0 |   1873 |   2 | 1104.0 |
       Dungeon |   2208 |   2191 |     17 |      0 |   1873 |   2 | 1104.0 |
               +--------+--------+--------+--------+--------+-----+--------+

Top non-repeatable levels by time:
     D:1: 1905 daAuts
     D:2: 303 daAuts
